 Dungeon Crawl Stone Soup version 0.18-a0-102-gb1241f3 (webtiles) character file.

30 Proton the Skirmisher (level 3, -9/34 HPs)
             Began as a Naga Fighter on Nov 15, 2015.
             Mangled by a gnoll
             ... wielding a +0 halberd
              (13 damage)
             ... on level 2 of the Dungeon.
             The game lasted 00:01:09 (817 turns).

Proton the Skirmisher (Naga Fighter)                 Turns: 817, Time: 00:01:09

Health: -9/34      AC:  4    Str: 19    XL:     3   Next: 20%
Magic:  3/3        EV:  5    Int:  8    God:
Gold:   26         SH:  8    Dex: 10    Spells: 0 memorised, 2 levels left

rFire  . . .     SeeInvis +     a - +0 long sword
rCold  . . .     Clarity  .     b - +0 scale mail
rNeg   . . .     SustAt   .     c - +0 shield
rPois  +         Gourm    .     (no helmet)
rElec  .         Spirit   .     (no cloak)
rCorr  .         Warding  .     (no gloves)
rMut   .         Stasis   .     (no barding)
MR     .....                    (no amulet)
Stlth  ..........               (no ring)
                                (no ring)

@: very slow, not resistant to hostile enchantments, extremely unstealthy
A: see invisible, deformed body, poison resistance, slowness 2, slow metabolism
1, spit poison 2, AC +1
a: Spit Poison


You were on level 2 of the Dungeon.
You were not hungry.

You visited 1 branch of the dungeon, and saw 2 of its levels.

You collected 26 gold pieces.

Inventory:

Hand Weapons
 a - a +0 long sword (weapon)
Armour
 b - a +0 scale mail (worn)
 c - a +0 shield (worn)
Jewellery
 g - an uncursed amulet of rage {unknown}
 i - a cursed amulet of stasis {unknown}
Scrolls
 j - a scroll of recharging {unknown}
Potions
 d - a potion of might
 f - a potion of mutation {unknown}
Comestibles
 e - 3 bread rations
 h - 3 fruits


   Skills:
 + Level 3.1 Fighting
 + Level 2.5 Long Blades
 + Level 2.6 Armour
 + Level 0.4 Dodging
 + Level 1.4 Stealth
 + Level 2.5 Shields


You had 2 spell levels left.
You didn't know any spells.

Dungeon Overview and Level Annotations

Branches:
Dungeon (2/15)

Altars:
Ru
The Shining One


Innate Abilities, Weirdness & Mutations

You cannot wear boots.
Your serpentine skin is tough (AC +1).
You have supernaturally acute eyesight.
Armour fits poorly on your strangely shaped body.
Your system is resistant to poisons.
You cover ground very slowly.
You have a slow metabolism.
You can spit poison.


Message History

You kill the gnoll!
You have reached level 3!
Your experience leads to an increase in your attributes!
Increase (S)trength, (I)ntelligence, or (D)exterity?
You feel stronger.
Your skin feels tougher.
The gnoll hits you with a whip.
* * * LOW HITPOINT WARNING * * *
A hobgoblin comes into view.
The hobgoblin shouts!
The gnoll hits you but does no damage.
You barely miss the gnoll. You block the gnoll's attack.
You are too injured to fight recklessly!
You are too injured to fight recklessly!
You are too injured to fight recklessly!
You are too injured to fight recklessly!
You are too injured to fight recklessly!
You are too injured to fight recklessly!
You closely miss the gnoll. You block the gnoll's attack.
The gnoll hits you from afar with a halberd!
You die...

#######.### #)#
##g#########.#
#............# #.
#.#####......#
.##.###.###
#.####..
.......gg.#.#.#
###.#..gg.#.#.###
.....g.@†.......
#.#...#.#.#######
#........###
.....#.#....#
........#..#.#
#.#.##.##..#.#
....#.##..#.#####
.#..............###
######.##.###.#.#


You could see 3 gnolls, a hobgoblin and a goblin.

Vanquished Creatures
  A gnoll (D:2)
  A worm (D:2)
  A giant cockroach (D:1)
  2 hobgoblins
  2 bats (D:1)
  A giant newt (D:2)
  2 goblins (D:1)
  4 kobolds
  6 rats (D:1)
20 creatures vanquished.

Notes
Turn   | Place    | Note
--------------------------------------------------------------
     0 | D:1      | Proton the Naga Fighter began the quest for the Orb.
     0 | D:1      | Reached XP level 1. HP: 21/21 MP: 1/1
   263 | D:1      | Reached XP level 2. HP: 22/28 MP: 2/2
   338 | D:1      | Found a glowing golden altar of the Shining One.
   449 | D:1      | Reached skill level 1 in Stealth
   741 | D:2      | Found a sacrificial altar of Ru.
   809 | D:2      | Reached XP level 3. HP: 7/34 MP: 3/3
   817 | D:2      | Mangled by a gnoll

Vault maps used:
D:1:      saegor_arrival_simple_f, tso_metal_star
D:2:      minitemple, lemuel_crystal_altar

Action                   || total
-------------------------++-------
Melee: Long sword        ||    72
